Coyotes vs Canucks (R1)

Created - 26 décembre 2015 at 20:49

Goals
1 2 3 T
Coyotes 0 0 1 1
Canucks 0 0 2 2
Shots
1 2 3 T
Coyotes 13 6 6 25
Canucks 4 11 11 26

1st period

No Goal

Penalties :
Maxim Afinogenov (Van) for Holding (Minor) at 7:08, Jaromir Jagr (Van) for Hooking (Minor) at 10:45, Anton Stralman (Ari) for Hooking (Minor) at 18:35

2nd period

No Goal

Penalties :
Adrian Aucoin (Ari) for Delaying the game (Minor) at 2:13, Olli Jokinen (Van) for Hooking (Minor) at 9:27, Jaromir Jagr (Van) for Hooking (Minor) at 14:23, Frans Nielsen (Ari) for Hooking (Minor) at 19:29

3rd period

1. Coyotes , Nazem Kadri 7 (Sergei Shirokov, Erik Cole) at 6:40 (PP)
2. Canucks , Tomas Plekanec 10 (Jaromir Jagr, Tom Poti) at 18:56 (PP)
3. Canucks , Tomas Plekanec 11 (Jaromir Jagr) at 19:58

Penalties :
Anton Stralman (Ari) for Hooking (Minor) at 3:55, Jaromir Jagr (Van) for Hooking (Minor) at 5:50, Matt Stajan (Van) for Interference (Minor) at 7:16, Frans Nielsen (Ari) for Roughing (Minor) at 13:28, Jan Hlavac (Ari) for Interference (Minor) at 18:19

Goalie Stats

Ryan Miller (Ari), 24 saves from 26 shots - (0,923), L, 12-16-3, 60:00 minutes
Carey Price (Van), 24 saves from 25 shots - (0,960), W, 12-9-0, 60:00 minutes

Players Stats for Coyotes

Player Name              G  A  P  +/- PIM S  H  SB GA TA FO     MP     PP MP  PK MP  
------------------------------------------------------------------------------------
Adrian Aucoin            0  0  0   0  2   1  0  0  0  1  0/0    13:39   0:00   0:55 
Anton Stralman           0  0  0  -1  4   1  3  1  0  2  0/0    20:42   4:15   1:56 
Chad Larose              0  0  0   0  0   0  1  0  0  0  0/0    14:53   0:00   6:16 
Denis Grebeshkov         0  0  0  -1  0   1  1  3  1  0  0/0    28:02   6:38   6:53 
Drew Miller              0  0  0  -1  0   2  3  0  0  0  7/14   16:10   0:08   6:36 
Erik Christensen         0  0  0   0  0   0  0  0  0  0  1/4     9:37   0:08   0:20 
Erik Cole                0  1  1   0  0   2  1  1  1  1  1/1    13:24   4:33   1:01 
Frans Nielsen            0  0  0  -1  4   1  0  0  1  0  1/6    10:53   0:00   1:51 
Georges Laraque          0  0  0   0  0   0  0  0  0  0  0/0     9:08   0:00   0:00 
Jan Hlavac               0  0  0   0  2   1  2  0  0  0  0/0    12:16   0:00   3:03 
Kurt Sauer               0  0  0   0  0   1  0  4  0  0  0/0    19:48   0:00   7:54 
Marian Gaborik           0  0  0   0  0   2  1  0  0  0  1/2    18:27   6:08   0:00 
Matt Taormina            0  0  0   0  0   1  1  1  0  1  0/0    16:39   4:03   0:00 
Nazem Kadri              1  0  1   0  0   2  0  0  0  0  3/5    14:14   4:33   1:49 
Sergei Shirokov          0  1  1  -1  0   1  2  1  0  0  1/1    13:26   4:33   0:00 
Tim Connolly             0  0  0   0  0   6  0  0  1  0  10/25  18:06   6:00   0:00 
Tyler Ennis              0  0  0   0  0   3  1  1  1  1  2/2    17:53   5:48   0:00 
Wade Redden              0  0  0   0  0   0  3  0  0  1  0/0    22:05   6:38   3:18 

Players Stats for Canucks

Player Name              G  A  P  +/- PIM S  H  SB GA TA FO     MP     PP MP  PK MP  
------------------------------------------------------------------------------------
Alex Goligoski           0  0  0   0  0   3  2  0  0  1  0/0    29:13   6:02   6:13 
Alex Tanguay             0  0  0   0  0   0  3  0  1  0  0/0    10:58   0:22   1:49 
Antti Miettinen          0  0  0   0  0   0  0  0  0  1  0/0     6:58   0:11   0:00 
Clarke MacArthur         0  0  0   1  0   4  3  0  0  0  0/0    15:28   4:54   0:07 
Daniel Paille            0  0  0   0  0   1  0  0  0  0  1/3    10:08   0:00   3:10 
Jaromir Jagr             0  2  2   1  6   2  2  0  0  0  0/0    17:25   4:53   1:24 
Karl Alzner              0  0  0   1  0   1  1  0  1  0  0/0     9:49   0:00   0:00 
Kyle Cumiskey            0  0  0   1  0   0  0  2  0  0  0/0     9:49   0:00   0:00 
Matt Stajan              0  0  0   0  2   6  1  2  1  0  13/26  22:55   5:12   5:29 
Matthew Spiller          0  0  0   0  0   2  1  0  0  1  0/0    20:58   4:26   4:28 
Maxim Afinogenov         0  0  0   0  2   1  3  0  2  0  6/9    23:28   5:23   5:36 
Maxim Lapierre           0  0  0   0  0   0  1  1  1  0  2/5     9:53   0:22   0:52 
Nikolai Zherdev          0  0  0   0  0   0  0  0  1  0  0/0     8:36   0:00   0:00 
Olli Jokinen             0  0  0   0  2   0  0  0  0  0  2/4     7:12   0:00   0:06 
Peter Worrell            0  0  0   0  0   0  1  1  0  0  1/1    20:47   5:12   2:49 
Sami Lepisto             0  0  0   0  0   1  1  1  0  0  0/0    20:58   4:26   4:28 
Tom Poti                 0  1  1   0  0   1  2  2  0  2  0/0    29:13   6:02   6:13 
Tomas Plekanec           2  0  2   1  0   4  1  0  0  0  8/12   15:21   4:54   0:00 

3 Stars

1 - Tomas Plekanec (Van)
2 - Carey Price (Van)
3 - Nazem Kadri (Ari)

Power Play

Coyotes - 1 on 6 Attempt(s) - 16,67%
Canucks - 1 on 6 Attempt(s) - 16,67%

Penalty Kill

Coyotes - 5 on 6 Attempt(s) - 83,33% - Score 0 goal in Penalty Kill
Canucks - 5 on 6 Attempt(s) - 83,33% - Score 0 goal in Penalty Kill

Team Stat

Coyotes - Hits : 19 - Faceoff Wins : 27 - Blocked Shots : 12 - Penalty Minutes : 12
Canucks - Hits : 22 - Faceoff Wins : 33 - Blocked Shots : 9 - Penalty Minutes : 12

Official

Referees : Auger Stephane and Peel Tim
Linesman : Tony Sericolo and Andy McElman

Game Notes

No Game Note

Finance

Level 1 -- Attendance: 6000 (100,00%) -- Ticket Income 516 000 $
Level 2 -- Attendance: 5000 (100,00%) -- Ticket Income 245 000 $
Level 3 -- Attendance: 1771 (88,55%) -- Ticket Income 53 130 $
Level 4 -- Attendance: 3839 (95,98%) -- Ticket Income 65 263 $
Luxury Box -- Attendance: 1000 (100,00%) -- Ticket Income 100 000 $
Game was played at the Budweiser Coliseum'
Total Attendance: 17610 (97,83%)
Total Ticket Income: 979 393 $
Other Income: 146 909 $
Total Income: 1 126 302 $

Coyotes

5 vs 5 Forward 
   Center                   Left Wing                Right Wing               Time % Phy DF OF 
 1 Tim Connolly             Tyler Ennis              Marian Gaborik           36     0   1  4  
 2 Frans Nielsen            Drew Miller              Sergei Shirokov          26     0   1  4  
 3 Nazem Kadri              Erik Cole                Chad Larose              24     1   1  3  
 4 Erik Christensen         Jan Hlavac               Georges Laraque          14     3   1  1  

5 vs 5 Defense 
   Defense                  Defense                                           Time % Phy DF OF 
 1 Denis Grebeshkov         Anton Stralman                                    40     0   2  3  
 2 Wade Redden              Kurt Sauer                                        32     1   2  2  
 3 Adrian Aucoin            Matt Taormina                                     27     1   2  2  
 4 Anton Stralman           Denis Grebeshkov                                  1      0   4  1  

PowerPlay Forward 
   Center                   Left Wing                Right Wing               Time % Phy DF OF 
 1 Tim Connolly             Tyler Ennis              Marian Gaborik           60     0   0  5  
 2 Nazem Kadri              Erik Cole                Sergei Shirokov          40     0   0  5  

PowerPlay Defense
   Defense                  Defense                                           Time % Phy DF OF 
 1 Wade Redden              Denis Grebeshkov                                  60     0   0  5  
 2 Anton Stralman           Matt Taormina                                     40     0   0  5  

Penalty Kill 4 Players Forward 
   Center                   Wing                     Time % Phy DF OF 
 1 Drew Miller              Chad Larose              60     0   5  0  
 2 Frans Nielsen            Jan Hlavac               40     0   5  0  

Penalty Kill 4 Players Defense
   Defense                  Defense                  Time % Phy DF OF 
 1 Denis Grebeshkov         Kurt Sauer               60     0   5  0  
 2 Wade Redden              Anton Stralman           40     0   5  0  

Penalty Kill - 3 Players Forward 
   Forward                                           Time % Phy DF OF 
 1 Drew Miller                                       60     0   5  0  
 2 Frans Nielsen                                     40     0   5  0  

Penalty Kill - 3 Players Defense
   Defense                  Defense                  Time % Phy DF OF 
 1 Denis Grebeshkov         Wade Redden              60     0   5  0  
 2 Kurt Sauer               Anton Stralman           40     0   5  0  

4 vs 4 Forward 
   Center                   Wing                     Time % Phy DF OF 
 1 Tim Connolly             Marian Gaborik           56     1   1  3  
 2 Frans Nielsen            Drew Miller              44     1   3  1  

4 vs 4 Defense
   Defense                  Defense                  Time % Phy DF OF 
 1 Denis Grebeshkov         Kurt Sauer               56     1   3  1  
 2 Wade Redden              Anton Stralman           44     1   3  1  

Last Minutes Offensive
   Center                   Left Wing                Right Wing               Defense                  Defense                  
   Tim Connolly             Tyler Ennis              Marian Gaborik           Denis Grebeshkov         Wade Redden              

Last Minutes Defensive
   Center                   Left Wing                Right Wing               Defense                  Defense                  
   Frans Nielsen            Drew Miller              Erik Cole                Denis Grebeshkov         Kurt Sauer               

Goaltenders
Starting : Ryan Miller              
Backup : Marc Denis               

Extra Forwards
Normal : Marian Gaborik, Tyler Ennis, Sergei Shirokov - PP : Marian Gaborik, Erik Christensen - PK : Chad Larose
Extra Defensemen
Normal : Wade Redden, Denis Grebeshkov, Anton Stralman - PP : Wade Redden - PK : Kurt Sauer, Anton Stralman
Penalty Shots
Tyler Ennis, Marian Gaborik, Tim Connolly, Jan Hlavac, Sergei Shirokov

Canucks

5 vs 5 Forward 
   Center                   Left Wing                Right Wing               Time % Phy DF OF 
 1 Matt Stajan              Peter Worrell            Maxim Afinogenov         40     1   2  2  
 2 Tomas Plekanec           Clarke MacArthur         Jaromir Jagr             30     1   2  2  
 3 Maxim Lapierre           Alex Tanguay             Nikolai Zherdev          20     1   2  2  
 4 Olli Jokinen             Daniel Paille            Antti Miettinen          10     1   2  2  

5 vs 5 Defense 
   Defense                  Defense                                           Time % Phy DF OF 
 1 Alex Goligoski           Tom Poti                                          40     1   2  2  
 2 Sami Lepisto             Matthew Spiller                                   30     1   2  2  
 3 Kyle Cumiskey            Karl Alzner                                       20     1   2  2  
 4 Alex Goligoski           Tom Poti                                          10     1   2  2  

PowerPlay Forward 
   Center                   Left Wing                Right Wing               Time % Phy DF OF 
 1 Matt Stajan              Peter Worrell            Maxim Afinogenov         60     1   2  2  
 2 Tomas Plekanec           Clarke MacArthur         Jaromir Jagr             40     1   2  2  

PowerPlay Defense
   Defense                  Defense                                           Time % Phy DF OF 
 1 Alex Goligoski           Tom Poti                                          60     1   2  2  
 2 Sami Lepisto             Matthew Spiller                                   40     1   2  2  

Penalty Kill 4 Players Forward 
   Center                   Wing                     Time % Phy DF OF 
 1 Maxim Afinogenov         Matt Stajan              60     1   2  2  
 2 Jaromir Jagr             Peter Worrell            40     1   2  2  

Penalty Kill 4 Players Defense
   Defense                  Defense                  Time % Phy DF OF 
 1 Alex Goligoski           Tom Poti                 60     1   2  2  
 2 Sami Lepisto             Matthew Spiller          40     1   2  2  

Penalty Kill - 3 Players Forward 
   Forward                                           Time % Phy DF OF 
 1 Maxim Afinogenov                                  60     1   2  2  
 2 Matt Stajan                                       40     1   2  2  

Penalty Kill - 3 Players Defense
   Defense                  Defense                  Time % Phy DF OF 
 1 Alex Goligoski           Tom Poti                 60     1   2  2  
 2 Sami Lepisto             Matthew Spiller          40     1   2  2  

4 vs 4 Forward 
   Center                   Wing                     Time % Phy DF OF 
 1 Maxim Afinogenov         Matt Stajan              60     1   2  2  
 2 Jaromir Jagr             Peter Worrell            40     1   2  2  

4 vs 4 Defense
   Defense                  Defense                  Time % Phy DF OF 
 1 Alex Goligoski           Tom Poti                 60     1   2  2  
 2 Sami Lepisto             Matthew Spiller          40     1   2  2  

Last Minutes Offensive
   Center                   Left Wing                Right Wing               Defense                  Defense                  
   Matt Stajan              Peter Worrell            Maxim Afinogenov         Alex Goligoski           Tom Poti                 

Last Minutes Defensive
   Center                   Left Wing                Right Wing               Defense                  Defense                  
   Matt Stajan              Peter Worrell            Maxim Afinogenov         Alex Goligoski           Tom Poti                 

Goaltenders
Starting : Carey Price              
Backup : Chad Johnson             

Extra Forwards
Normal : Maxim Lapierre, Alex Tanguay, Daniel Paille - PP : Maxim Lapierre, Alex Tanguay - PK : Daniel Paille
Extra Defensemen
Normal : Kyle Cumiskey, Karl Alzner, Sami Lepisto - PP : Kyle Cumiskey - PK : Karl Alzner, Sami Lepisto
Penalty Shots
Maxim Afinogenov, Matt Stajan, Jaromir Jagr, Peter Worrell, Clarke MacArthur

% Time on Ice - Coyotes

Lines # - Real PCT - Wanted PCT - Time Play
Normal Forward
1 - 33% - 36% - 12:47
2 - 24% - 26% - 9:07
3 - 20% - 24% - 7:44
4 - 24% - 14% - 9:08
Normal Defense
1 - 36% - 40% - 14:07
2 - 30% - 32% - 11:46
3 - 32% - 27% - 12:26
4 - 1% - 1% - 0:27
PP Forward
1 - 57% - 60% - 6:08
2 - 43% - 40% - 4:33
PP Defense
1 - 60% - 60% - 6:26
2 - 40% - 40% - 4:15
PK Forward
1 - 70% - 60% - 7:17
2 - 30% - 40% - 3:11
PK Defense
1 - 68% - 60% - 7:10
2 - 32% - 40% - 3:18
PK3 Forward
1 - 0% - 60%
2 - 0% - 40%
PK3 Defense
1 - 0% - 60%
2 - 0% - 40%
44 Forward
1 - 100% - 56% - 0:04
2 - 0% - 44% - 0:00
44 Defense
1 - 0% - 56% - 0:00
2 - 100% - 44% - 0:04
Last Minute Offensive  - 0:01
Last Minute Defensive  - 0:00
Total
Forward - 60:00
Defense - 60:00

% Time on Ice - Canucks

Lines # - Real PCT - Wanted PCT - Time Play
Normal Forward
1 - 32% - 40% - 12:13
2 - 29% - 30% - 11:10
3 - 22% - 20% - 8:36
4 - 17% - 10% - 6:47
Normal Defense
1 - 39% - 40% - 15:12
2 - 32% - 30% - 12:22
3 - 25% - 20% - 9:31
4 - 4% - 10% - 1:41
PP Forward
1 - 51% - 60% - 5:23
2 - 49% - 40% - 5:05
PP Defense
1 - 58% - 60% - 6:02
2 - 42% - 40% - 4:26
PK Forward
1 - 74% - 60% - 7:52
2 - 26% - 40% - 2:49
PK Defense
1 - 58% - 60% - 6:13
2 - 42% - 40% - 4:28
PK3 Forward
1 - 0% - 60%
2 - 0% - 40%
PK3 Defense
1 - 0% - 60%
2 - 0% - 40%
44 Forward
1 - 100% - 60% - 0:04
2 - 0% - 40% - 0:00
44 Defense
1 - 100% - 60% - 0:04
2 - 0% - 40% - 0:00
Last Minute Offensive  - 0:00
Last Minute Defensive  - 0:01
Total
Forward - 60:00
Defense - 60:00

Play by Play

1st period


0:01 of 1st period - Tim Connolly wins face-off versus Matt Stajan in neutral zone.
0:06 of 1st period - Wrist shot by Marian Gaborik.
0:06 of 1st period - Shot Misses the Net.
0:08 of 1st period - Slapshot by Denis Grebeshkov.
0:08 of 1st period - Stopped by Carey Price with a rebound.
0:10 of 1st period - Backhand shot by Marian Gaborik.
0:10 of 1st period - Stopped by Carey Price with a rebound.
0:26 of 1st period - Drew Miller is hit by Tomas Plekanec and loses puck.
0:33 of 1st period - Snap shot by Drew Miller.
0:33 of 1st period - Stopped by Carey Price with a rebound.
0:35 of 1st period - Snap shot by Drew Miller.
0:35 of 1st period - Deflect By Frans Nielsen.
0:35 of 1st period - Shot Blocked by Tom Poti.
0:35 of 1st period - Puck is out of play.
0:36 of 1st period - Maxim Lapierre wins face-off versus Nazem Kadri in Canucks zone.
1:33 of 1st period - Wrist shot by Clarke MacArthur.
1:33 of 1st period - Stopped by Ryan Miller with a rebound.
1:47 of 1st period - Wrist shot by Tim Connolly.
1:47 of 1st period - Stopped by Carey Price without a rebound.
1:48 of 1st period - Matt Stajan wins face-off versus Frans Nielsen in Canucks zone.
1:48 of 1st period - Matt Stajan is hit by Sergei Shirokov.
2:39 of 1st period - Tom Poti is hit by Marian Gaborik and loses puck.
2:56 of 1st period - Wrist shot by Alex Goligoski.
2:56 of 1st period - Stopped by Ryan Miller with a rebound.
3:22 of 1st period - Matt Stajan is hit by Sergei Shirokov and loses puck.
3:56 of 1st period - Snap shot by Tim Connolly.
3:56 of 1st period - Stopped by Carey Price without a rebound.
3:57 of 1st period - Tim Connolly wins face-off versus Maxim Lapierre in Canucks zone.
5:08 of 1st period - Off-side.
5:09 of 1st period - Matt Stajan wins face-off versus Frans Nielsen in neutral zone.
5:57 of 1st period - Off-side.
5:58 of 1st period - Maxim Lapierre wins face-off versus Erik Christensen in neutral zone.
6:01 of 1st period - Georges Laraque is hit by Karl Alzner and loses puck.
6:29 of 1st period - Adrian Aucoin is hit by Alex Tanguay and loses puck.
7:08 of 1st period - Minor Penalty to Maxim Afinogenov for Holding.
7:09 of 1st period - Tyler Ennis wins face-off versus Daniel Paille in Canucks zone.
7:18 of 1st period - Snap shot by Marian Gaborik.
7:18 of 1st period - Shot Blocked by Sami Lepisto.
9:08 of 1st period - Penalty to Maxim Afinogenov is over, Maxim Afinogenov is back on ice.
9:19 of 1st period - Snap shot by Georges Laraque.
9:19 of 1st period - Shot Misses the Net.
9:39 of 1st period - Tom Poti is hit by Drew Miller and loses puck.
10:18 of 1st period - Anton Stralman is hit by Maxim Afinogenov.
10:45 of 1st period - Minor Penalty to Jaromir Jagr for Hooking.
10:46 of 1st period - Maxim Afinogenov wins face-off versus Tim Connolly in Canucks zone.
10:59 of 1st period - Snap shot by Marian Gaborik.
10:59 of 1st period - Stopped by Carey Price without a rebound.
11:00 of 1st period - Maxim Afinogenov wins face-off versus Tim Connolly in Canucks zone.
11:14 of 1st period - Snap shot by Tim Connolly.
11:14 of 1st period - Stopped by Carey Price without a rebound.
11:15 of 1st period - Maxim Afinogenov wins face-off versus Tim Connolly in Canucks zone.
11:15 of 1st period - Maxim Afinogenov is hit by Wade Redden.
12:45 of 1st period - Penalty to Jaromir Jagr is over, Jaromir Jagr is back on ice.
12:55 of 1st period - Wrist shot by Clarke MacArthur.
12:55 of 1st period - Shot Blocked by Kurt Sauer.
13:03 of 1st period - Wrist shot by Tomas Plekanec.
13:03 of 1st period - Deflect By Clarke MacArthur.
13:03 of 1st period - Stopped by Ryan Miller with a rebound.
13:46 of 1st period - Wrist shot by Georges Laraque.
13:46 of 1st period - Shot Blocked by Kyle Cumiskey.
14:04 of 1st period - Maxim Afinogenov is hit by Anton Stralman and loses puck.
14:55 of 1st period - Wrist shot by Erik Cole.
14:55 of 1st period - Stopped by Carey Price without a rebound.
14:56 of 1st period - Matt Stajan wins face-off versus Tim Connolly in Canucks zone.
15:45 of 1st period - Snap shot by Nazem Kadri.
15:45 of 1st period - Stopped by Carey Price with a rebound.
15:47 of 1st period - Slapshot by Erik Cole.
15:47 of 1st period - Stopped by Carey Price with a rebound.
16:03 of 1st period - Snap shot by Tyler Ennis.
16:03 of 1st period - Stopped by Carey Price with a rebound.
16:05 of 1st period - Snap shot by Tyler Ennis.
16:05 of 1st period - Stopped by Carey Price without a rebound.
16:06 of 1st period - Olli Jokinen wins face-off versus Frans Nielsen in Canucks zone.
16:19 of 1st period - Snap shot by Sergei Shirokov.
16:19 of 1st period - Shot Misses the Net.
16:21 of 1st period - Snap shot by Drew Miller.
16:21 of 1st period - Stopped by Carey Price with a rebound.
16:41 of 1st period - Wrist shot by Marian Gaborik.
16:41 of 1st period - Deflect By Tim Connolly.
16:41 of 1st period - Shot Blocked by Matt Stajan.
16:41 of 1st period - Puck is out of play.
16:42 of 1st period - Nazem Kadri wins face-off versus Matt Stajan in Canucks zone.
16:54 of 1st period - Icing by Alex Goligoski.
16:55 of 1st period - Tim Connolly wins face-off versus Matt Stajan in Canucks zone.
17:28 of 1st period - Icing by Maxim Afinogenov.
17:29 of 1st period - Erik Cole wins face-off versus Matt Stajan in Canucks zone.
17:30 of 1st period - Snap shot by Nazem Kadri.
17:30 of 1st period - Shot Misses the Net.
18:13 of 1st period - Kurt Sauer is hit by Peter Worrell and loses puck.
18:30 of 1st period - Snap shot by Matt Stajan.
18:30 of 1st period - Stopped by Ryan Miller without a rebound.
18:31 of 1st period - Tomas Plekanec wins face-off versus Tim Connolly in Coyotes zone.
18:35 of 1st period - Minor Penalty to Anton Stralman for Hooking.
18:36 of 1st period - Drew Miller wins face-off versus Tomas Plekanec in Coyotes zone.
Goals for this period are 0 for Coyotes vs 0 for Canucks.
Shots for this period are 13 for Coyotes vs 4 for Canucks.

2nd period


0:01 of 2nd period - Drew Miller wins face-off versus Matt Stajan in neutral zone.
0:16 of 2nd period - Icing by Maxim Afinogenov.
0:17 of 2nd period - Matt Stajan wins face-off versus Drew Miller in Canucks zone.
0:28 of 2nd period - Wrist shot by Alex Goligoski.
0:28 of 2nd period - Stopped by Ryan Miller without a rebound.
0:29 of 2nd period - Peter Worrell wins face-off versus Drew Miller in Coyotes zone.
0:30 of 2nd period - Snap shot by Maxim Afinogenov.
0:30 of 2nd period - Stopped by Ryan Miller without a rebound.
0:31 of 2nd period - Matt Stajan wins face-off versus Drew Miller in Coyotes zone.
0:35 of 2nd period - Penalty to Anton Stralman is over, Anton Stralman is back on ice.
0:56 of 2nd period - Kurt Sauer is hit by Tom Poti and loses puck.
1:09 of 2nd period - Matt Taormina is hit by Alex Goligoski and loses puck.
1:30 of 2nd period - Wrist shot by Tim Connolly.
1:30 of 2nd period - Stopped by Carey Price with a rebound.
1:32 of 2nd period - Slapshot by Kurt Sauer.
1:32 of 2nd period - Deflect By Jaromir Jagr.
1:32 of 2nd period - Stopped by Carey Price with a rebound.
1:47 of 2nd period - Slapshot by Adrian Aucoin.
1:47 of 2nd period - Shot Blocked by Kyle Cumiskey.
1:49 of 2nd period - Slapshot by Adrian Aucoin.
1:49 of 2nd period - Stopped by Carey Price without a rebound.
1:50 of 2nd period - Matt Stajan wins face-off versus Tim Connolly in Canucks zone.
1:50 of 2nd period - Matt Stajan is hit by Matt Taormina.
2:13 of 2nd period - Minor Penalty to Adrian Aucoin for Delaying the game.
2:14 of 2nd period - Drew Miller wins face-off versus Matt Stajan in Coyotes zone.
2:24 of 2nd period - Slapshot by Maxim Afinogenov.
2:24 of 2nd period - Shot Misses the Net.
2:26 of 2nd period - Snap shot by Matt Stajan.
2:26 of 2nd period - Shot Blocked by Kurt Sauer.
2:28 of 2nd period - Wrist shot by Matt Stajan.
2:28 of 2nd period - Stopped by Ryan Miller with a rebound.
2:30 of 2nd period - Snap shot by Tom Poti.
2:30 of 2nd period - Shot Blocked by Denis Grebeshkov.
2:49 of 2nd period - Denis Grebeshkov is hit by Alex Goligoski.
4:13 of 2nd period - Penalty to Adrian Aucoin is over, Adrian Aucoin is back on ice.
4:34 of 2nd period - Tyler Ennis is hit by Maxim Lapierre and loses puck.
4:49 of 2nd period - Snap shot by Olli Jokinen.
4:49 of 2nd period - Shot Blocked by Denis Grebeshkov.
4:51 of 2nd period - Snap shot by Daniel Paille.
4:51 of 2nd period - Stopped by Ryan Miller without a rebound.
4:52 of 2nd period - Tim Connolly wins face-off versus Olli Jokinen in Coyotes zone.
6:03 of 2nd period - Off-side.
6:04 of 2nd period - Drew Miller wins face-off versus Matt Stajan in neutral zone.
6:13 of 2nd period - Slapshot by Matthew Spiller.
6:13 of 2nd period - Stopped by Ryan Miller without a rebound.
6:14 of 2nd period - Sergei Shirokov wins face-off versus Matt Stajan in Coyotes zone.
6:21 of 2nd period - Wrist shot by Sergei Shirokov.
6:21 of 2nd period - Shot Blocked by Peter Worrell.
6:23 of 2nd period - Snap shot by Sergei Shirokov.
6:23 of 2nd period - Stopped by Carey Price with a rebound.
6:25 of 2nd period - Slapshot by Matt Taormina.
6:25 of 2nd period - Stopped by Carey Price without a rebound.
6:26 of 2nd period - Tyler Ennis wins face-off versus Matt Stajan in Canucks zone.
6:53 of 2nd period - Jaromir Jagr is hit by Drew Miller and loses puck.
7:38 of 2nd period - Kurt Sauer is hit by Matthew Spiller and loses puck.
8:05 of 2nd period - Slapshot by Alex Goligoski.
8:05 of 2nd period - Shot Blocked by Tyler Ennis.
9:27 of 2nd period - Minor Penalty to Olli Jokinen for Hooking.
9:28 of 2nd period - Tim Connolly wins face-off versus Maxim Afinogenov in Canucks zone.
10:47 of 2nd period - Erik Cole is hit by Alex Tanguay and loses puck.
10:54 of 2nd period - Snap shot by Sami Lepisto.
10:54 of 2nd period - Deflect By Sergei Shirokov.
10:54 of 2nd period - Stopped by Ryan Miller without a rebound.
10:55 of 2nd period - Maxim Afinogenov wins face-off versus Tim Connolly in Coyotes zone.
11:04 of 2nd period - Maxim Afinogenov is hit by Anton Stralman and loses puck.
11:27 of 2nd period - Penalty to Olli Jokinen is over, Olli Jokinen is back on ice.
12:19 of 2nd period - Off-side.
12:20 of 2nd period - Tomas Plekanec wins face-off versus Erik Christensen in neutral zone.
13:15 of 2nd period - Snap shot by Frans Nielsen.
13:15 of 2nd period - Stopped by Carey Price with a rebound.
13:17 of 2nd period - Slapshot by Matt Taormina.
13:17 of 2nd period - Shot Misses the Net.
13:27 of 2nd period - Alex Goligoski is hit by Chad Larose and loses puck.
13:48 of 2nd period - Slapshot by Alex Goligoski.
13:48 of 2nd period - Shot Blocked by Anton Stralman.
13:56 of 2nd period - Slapshot by Clarke MacArthur.
13:56 of 2nd period - Deflect By Jaromir Jagr.
13:56 of 2nd period - Shot Blocked by Denis Grebeshkov.
13:56 of 2nd period - Puck is out of play.
13:57 of 2nd period - Tomas Plekanec wins face-off versus Tim Connolly in Coyotes zone.
14:02 of 2nd period - Snap shot by Tomas Plekanec.
14:02 of 2nd period - Stopped by Ryan Miller without a rebound.
14:03 of 2nd period - Tomas Plekanec wins face-off versus Marian Gaborik in Coyotes zone.
14:04 of 2nd period - Wrist shot by Clarke MacArthur.
14:04 of 2nd period - Stopped by Ryan Miller with a rebound.
14:23 of 2nd period - Minor Penalty to Jaromir Jagr for Hooking.
14:24 of 2nd period - Maxim Afinogenov wins face-off versus Tim Connolly in Canucks zone.
14:31 of 2nd period - Slapshot by Tom Poti.
14:31 of 2nd period - Shot Hit the Post.
14:55 of 2nd period - Wrist shot by Erik Cole.
14:55 of 2nd period - Shot Hit the Post.
14:57 of 2nd period - Slapshot by Anton Stralman.
14:57 of 2nd period - Shot Misses the Net.
14:59 of 2nd period - Wrist shot by Sergei Shirokov.
14:59 of 2nd period - Deflect By Erik Cole.
14:59 of 2nd period - Shot Misses the Net.
14:59 of 2nd period - Puck is out of play.
15:00 of 2nd period - Tim Connolly wins face-off versus Daniel Paille in Canucks zone.
15:05 of 2nd period - Wrist shot by Tyler Ennis.
15:05 of 2nd period - Deflect By Tim Connolly.
15:05 of 2nd period - Shot Misses the Net.
15:05 of 2nd period - Puck is out of play.
15:06 of 2nd period - Daniel Paille wins face-off versus Tim Connolly in Canucks zone.
15:37 of 2nd period - Snap shot by Erik Cole.
15:37 of 2nd period - Shot Misses the Net.
16:23 of 2nd period - Penalty to Jaromir Jagr is over, Jaromir Jagr is back on ice.
16:26 of 2nd period - Snap shot by Tomas Plekanec.
16:26 of 2nd period - Shot Blocked by Matt Taormina.
16:32 of 2nd period - Sami Lepisto is hit by Anton Stralman and loses puck.
16:51 of 2nd period - Snap shot by Alex Tanguay.
16:51 of 2nd period - Shot Blocked by Sergei Shirokov.
17:27 of 2nd period - Snap shot by Clarke MacArthur.
17:27 of 2nd period - Stopped by Ryan Miller without a rebound.
17:28 of 2nd period - Nazem Kadri wins face-off versus Tomas Plekanec in Coyotes zone.
18:04 of 2nd period - Snap shot by Marian Gaborik.
18:04 of 2nd period - Shot Misses the Net.
18:14 of 2nd period - Alex Goligoski is hit by Jan Hlavac and loses puck.
18:23 of 2nd period - Georges Laraque is hit by Matt Stajan and loses puck.
18:52 of 2nd period - Snap shot by Maxim Afinogenov.
18:52 of 2nd period - Deflect By Matt Stajan.
18:52 of 2nd period - Stopped by Ryan Miller without a rebound.
18:53 of 2nd period - Tomas Plekanec wins face-off versus Tim Connolly in Coyotes zone.
18:54 of 2nd period - Wrist shot by Jaromir Jagr.
18:54 of 2nd period - Stopped by Ryan Miller with a rebound.
19:29 of 2nd period - Minor Penalty to Frans Nielsen for Hooking.
19:30 of 2nd period - Drew Miller wins face-off versus Tomas Plekanec in Coyotes zone.
Goals for this period are 0 for Coyotes vs 0 for Canucks.
Shots for this period are 6 for Coyotes vs 11 for Canucks.

3rd period


0:01 of 3rd period - Matt Stajan wins face-off versus Drew Miller in neutral zone.
0:06 of 3rd period - Snap shot by Matt Stajan.
0:06 of 3rd period - Stopped by Ryan Miller with a rebound.
1:01 of 3rd period - Icing by Maxim Afinogenov.
1:02 of 3rd period - Drew Miller wins face-off versus Tomas Plekanec in Canucks zone.
1:29 of 3rd period - Penalty to Frans Nielsen is over, Frans Nielsen is back on ice.
2:00 of 3rd period - Slapshot by Alex Goligoski.
2:00 of 3rd period - Stopped by Ryan Miller without a rebound.
2:01 of 3rd period - Olli Jokinen wins face-off versus Tim Connolly in Coyotes zone.
3:42 of 3rd period - Backhand shot by Tom Poti.
3:42 of 3rd period - Stopped by Ryan Miller without a rebound.
3:43 of 3rd period - Matt Stajan wins face-off versus Frans Nielsen in Coyotes zone.
3:55 of 3rd period - Minor Penalty to Anton Stralman for Hooking.
3:56 of 3rd period - Matt Stajan wins face-off versus Drew Miller in Coyotes zone.
4:27 of 3rd period - Off-side.
4:28 of 3rd period - Tomas Plekanec wins face-off versus Frans Nielsen in neutral zone.
4:41 of 3rd period - Snap shot by Clarke MacArthur.
4:41 of 3rd period - Shot Blocked by Kurt Sauer.
4:43 of 3rd period - Slapshot by Matthew Spiller.
4:43 of 3rd period - Deflect By Jaromir Jagr.
4:43 of 3rd period - Stopped by Ryan Miller without a rebound.
4:44 of 3rd period - Matt Stajan wins face-off versus Drew Miller in Coyotes zone.
4:55 of 3rd period - Slapshot by Tom Poti.
4:55 of 3rd period - Shot Misses the Net.
4:57 of 3rd period - Snap shot by Matt Stajan.
4:57 of 3rd period - Stopped by Ryan Miller with a rebound.
4:59 of 3rd period - Snap shot by Matt Stajan.
4:59 of 3rd period - Stopped by Ryan Miller with a rebound.
5:28 of 3rd period - Matt Stajan is hit by Jan Hlavac and loses puck.
5:50 of 3rd period - Minor Penalty to Jaromir Jagr for Hooking.
5:51 of 3rd period - Maxim Afinogenov wins face-off versus Tim Connolly in Canucks zone.
5:55 of 3rd period - Penalty to Anton Stralman is over, Anton Stralman is back on ice.
6:04 of 3rd period - Slapshot by Marian Gaborik.
6:04 of 3rd period - Shot Blocked by Matt Stajan.
6:06 of 3rd period - Wrist shot by Tim Connolly.
6:06 of 3rd period - Stopped by Carey Price without a rebound.
6:07 of 3rd period - Matt Stajan wins face-off versus Tim Connolly in Canucks zone.
6:33 of 3rd period - Matt Stajan is hit by Erik Cole and loses puck.
6:40 of 3rd period - Slapshot by Nazem Kadri.
6:40 of 3rd period - Goal by Nazem Kadri - Coyotes : 1 - Canucks : 0.
6:41 of 3rd period - Tomas Plekanec wins face-off versus Tim Connolly in neutral zone.
6:44 of 3rd period - Backhand shot by Tomas Plekanec.
6:44 of 3rd period - Shot Misses the Net.
7:16 of 3rd period - Minor Penalty to Matt Stajan for Interference.
7:17 of 3rd period - Tim Connolly wins face-off versus Maxim Afinogenov in Canucks zone.
7:20 of 3rd period - Snap shot by Tim Connolly.
7:20 of 3rd period - Shot Misses the Net.
7:22 of 3rd period - Backhand shot by Wade Redden.
7:22 of 3rd period - Shot Misses the Net.
7:32 of 3rd period - Snap shot by Tim Connolly.
7:32 of 3rd period - Stopped by Carey Price without a rebound.
7:33 of 3rd period - Marian Gaborik wins face-off versus Maxim Afinogenov in Canucks zone.
7:58 of 3rd period - Maxim Afinogenov is hit by Wade Redden and loses puck.
8:27 of 3rd period - Matthew Spiller is hit by Tyler Ennis and loses puck.
9:16 of 3rd period - Penalty to Matt Stajan is over, Matt Stajan is back on ice.
9:31 of 3rd period - Slapshot by Anton Stralman.
9:31 of 3rd period - Stopped by Carey Price without a rebound.
9:32 of 3rd period - Tomas Plekanec wins face-off versus Erik Christensen in Canucks zone.
9:41 of 3rd period - Snap shot by Tomas Plekanec.
9:41 of 3rd period - Stopped by Ryan Miller without a rebound.
9:42 of 3rd period - Erik Christensen wins face-off versus Matt Stajan in Coyotes zone.
9:42 of 3rd period - Erik Christensen is hit by Tom Poti.
10:07 of 3rd period - Slapshot by Wade Redden.
10:07 of 3rd period - Shot Misses the Net.
10:29 of 3rd period - Snap shot by Daniel Paille.
10:29 of 3rd period - Shot Blocked by Kurt Sauer.
10:31 of 3rd period - Slapshot by Matthew Spiller.
10:31 of 3rd period - Deflect By Erik Christensen.
10:31 of 3rd period - Stopped by Ryan Miller without a rebound.
10:32 of 3rd period - Tim Connolly wins face-off versus Olli Jokinen in Coyotes zone.
10:37 of 3rd period - Snap shot by Tyler Ennis.
10:37 of 3rd period - Stopped by Carey Price without a rebound.
10:38 of 3rd period - Tim Connolly wins face-off versus Matt Stajan in Canucks zone.
11:11 of 3rd period - Marian Gaborik is hit by Jaromir Jagr and loses puck.
11:28 of 3rd period - Alex Goligoski is hit by Drew Miller and loses puck.
12:09 of 3rd period - Erik Christensen is hit by Clarke MacArthur.
12:17 of 3rd period - Slapshot by Wade Redden.
12:17 of 3rd period - Shot Blocked by Tom Poti.
12:43 of 3rd period - Slapshot by Alex Goligoski.
12:43 of 3rd period - Shot Blocked by Erik Cole.
13:13 of 3rd period - Slapshot by Sami Lepisto.
13:13 of 3rd period - Shot Misses the Net.
13:28 of 3rd period - Minor Penalty to Frans Nielsen for Roughing.
13:29 of 3rd period - Drew Miller wins face-off versus Matt Stajan in Coyotes zone.
13:29 of 3rd period - Drew Miller is hit by Sami Lepisto.
13:54 of 3rd period - Kurt Sauer is hit by Clarke MacArthur and loses puck.
14:13 of 3rd period - Nazem Kadri is hit by Maxim Afinogenov and loses puck.
14:44 of 3rd period - Wade Redden is hit by Jaromir Jagr.
15:20 of 3rd period - Jan Hlavac is hit by Maxim Afinogenov and loses puck.
15:28 of 3rd period - Penalty to Frans Nielsen is over, Frans Nielsen is back on ice.
15:49 of 3rd period - Kyle Cumiskey is hit by Wade Redden.
16:10 of 3rd period - Maxim Lapierre is hit by Denis Grebeshkov and loses puck.
17:07 of 3rd period - Wrist shot by Jan Hlavac.
17:07 of 3rd period - Stopped by Carey Price without a rebound.
17:08 of 3rd period - Matt Stajan wins face-off versus Nazem Kadri in Canucks zone.
17:35 of 3rd period - Matt Taormina is hit by Alex Tanguay and loses puck.
18:19 of 3rd period - Minor Penalty to Jan Hlavac for Interference.
18:20 of 3rd period - Matt Stajan wins face-off versus Drew Miller in Coyotes zone.
18:56 of 3rd period - Canucks, Carey Price is pulled from the net.
18:56 of 3rd period - Wrist shot by Tomas Plekanec.
18:56 of 3rd period - Goal by Tomas Plekanec - Coyotes : 1 - Canucks : 1.
18:56 of 3rd period - Carey Price from Canucks was sent back in the game.
18:57 of 3rd period - Nazem Kadri wins face-off versus Maxim Lapierre in neutral zone.
19:00 of 3rd period - Slapshot by Adrian Aucoin.
19:00 of 3rd period - Shot Blocked by Maxim Lapierre.
19:22 of 3rd period - Adrian Aucoin is hit by Clarke MacArthur and loses puck.
19:29 of 3rd period - Snap shot by Tomas Plekanec.
19:29 of 3rd period - Shot Misses the Net.
19:31 of 3rd period - Backhand shot by Karl Alzner.
19:31 of 3rd period - Stopped by Ryan Miller without a rebound.
19:32 of 3rd period - Frans Nielsen wins face-off versus Maxim Lapierre in Coyotes zone.
19:58 of 3rd period - Wrist shot by Tomas Plekanec.
19:58 of 3rd period - Goal by Tomas Plekanec - Coyotes : 1 - Canucks : 2.
19:59 of 3rd period - Tim Connolly wins face-off versus Matt Stajan in neutral zone.
Goals for this period are 1 for Coyotes vs 2 for Canucks.
Shots for this period are 6 for Coyotes vs 11 for Canucks.


Output by the SimonT Hockey Simulator (STHS) for François Prévost -- Original Page W3C XHTML 1.0 Valid
Hockey Simulator - Hockey Simulation - Hockey Manager